 Dungeon Crawl Stone Soup version 0.29-a0-878-g7b45a56547 (webtiles) character file.

Game seed: 2335629969278579121

171 BeingJoeMalik the Grave Robber (level 5, -2/35 HPs)
             Began as a Demonspawn Necromancer on July 20, 2022.
             Slain by a black bear (5 damage)
             ... on level 3 of the Dungeon.
             The game lasted 00:09:07 (3641 turns).

BeingJoeMalik the Grave Robber (DsNe)               Turns: 3641, Time: 00:09:07

Health: -2/35      AC:  3    Str:  9    XL:     5   Next: 26%
Magic:  0/8        EV: 12    Int: 18    God:
Gold:   196        SH:  0    Dex: 13    Spells: 0/8 levels left

rFire   . . .      SeeInvis .   h - +2 dagger (pain)
rCold   . . .      Faith    .   (no shield)
rNeg    . . .      Spirit   .   a - +0 robe
rPois   .          Reflect  .   p - +0 helmet
rElec   .          Harm     .   (no cloak)
rCorr   .          Rampage  .   (no gloves)
Will    .....                   (no boots)
Stlth   ++........              (no amulet)
HPRegen 0.11/turn               (no ring)
MPRegen 0.11/turn               (no ring)

@: no status effects
A: powered by death 2
a: no special abilities


You were on level 3 of the Dungeon.
You visited 1 branch of the dungeon, and saw 3 of its levels.

You collected 196 gold pieces.

Inventory:

Hand Weapons
 h - a +2 dagger of pain (weapon)
 i - a +2 vampiric short sword
Armour
 a - a +0 robe (worn)
 p - a +0 helmet (worn)
Jewellery
 l - an amulet of guardian spirit
Wands
 o - a wand of mindburst (12)
Scrolls
 e - 2 scrolls of immolation {unknown}
 g - 2 scrolls of identify {unknown}
 k - 2 scrolls of teleportation {unknown}
 m - a scroll of blinking {unknown}
 q - a scroll of poison {unknown}
 s - a scroll of vulnerability {unknown}
 t - a scroll of amnesia {unknown}
 v - a scroll of summoning {unknown}
Potions
 b - a potion of magic
 c - 2 potions of resistance {unknown}
 d - 4 potions of curing
 f - a potion of flight {unknown}
 j - a potion of invisibility {unknown}
 n - a potion of haste {unknown}
 r - a potion of attraction {unknown}
 u - a potion of might {unknown}


   Skills:
 - Level 1.6 Short Blades
 - Level 1.7 Dodging
 - Level 1.7 Stealth
 + Level 2.0 Spellcasting
 + Level 6.8 Necromancy


You couldn't memorise any spells.
You knew the following spells:

 Your Spells              Type           Power      Damage    Failure   Level
a - Necrotise             Necr           100%       1d9       1%          1
b - Vampiric Draining     Necr           26%        2d7       3%          3
c - Animate Dead          Necr           26%        N/A       11%         4

Your spell library contained the following spells:

 Spells                   Type           Power      Damage    Failure   Level
 Magic Dart               Conj           4%         1d3       19%         1
 Searing Ray              Conj           2%         2d4       26%         2
 Agony                    Necr           26%        N/A       30%         5
 Gell's Gravitas          Tloc           1%         N/A       47%         3
 Lesser Beckoning         Tloc           1%         N/A       47%         3
 Teleport Other           Tloc           1%         N/A       47%         3
 Fulminant Prism          Conj/Hex       0%         3d6       87%         4


Dungeon Overview and Level Annotations

Branches:
Dungeon (3/15)

Altars:
Ashenzari


Innate Abilities, Weirdness & Mutations

You regenerate health from kills.


Message History

Press: ? - help, Shift-Dir - straight line, f/p - black bear
Aim: a black bear (lightly wounded, chance to affect: 83%)
The black bear writhes in agony!
The black bear bites you.
The black bear claws you but does no damage.
The black bear closely misses you.
You barely miss the black bear.
The black bear is heavily wounded.
Casting: Necrotise (safe; 1% risk of failure)
Confirm with . or Enter, or press ? or * to list all spells.
Aiming: Necrotise (safe; 1% risk of failure)
Press: ? - help, Shift-Dir - straight line, f/p - black bear
Aim: a black bear (heavily wounded, chance to affect: 83%)
The black bear writhes in agony!
The black bear goes berserk!
Casting: Necrotise (safe; 1% risk of failure)
Confirm with . or Enter, or press ? or * to list all spells.
Okay, then.
Unknown command.
Unknown command.
Casting: Necrotise (safe; 1% risk of failure)
Confirm with . or Enter, or press ? or * to list all spells.
Aiming: Vampiric Draining (dangerous; 3% risk of failure)
Press: ? - help, Shift-Dir - straight line, f/p - black bear
Aim: a black bear (severely wounded, berserk)
You draw life force from the black bear!
You feel life coursing into your body. The black bear barely misses you.
The black bear claws you but does no damage.
The black bear closely misses you. The black bear bites you!
The black bear barely misses you. The black bear claws you.
Unknown command.
Casting: Vampiric Draining (dangerous; 3% risk of failure)
Confirm with . or Enter, or press ? or * to list all spells.
Aiming: Necrotise (safe; 1% risk of failure)
Press: ? - help, Shift-Dir - straight line, f/p - black bear
Aim: a black bear (almost dead, berserk, chance to affect: 83%)
The black bear barely resists.
The black bear bites you!
* * * LOW HITPOINT WARNING * * *
The black bear claws you.
* * * LOW HITPOINT WARNING * * *
The black bear claws you.
You die...

# #...............###.# #.# #
####.###.#.......##.# #.# #
#.##.............# #.# #
#.##.#...........###.# #
#.##.#...).........#.# ###
#.#..#.........#.#.#.## ..##
##...##......#.##.#....####
...###..#####..h..._...###.....#
#...##..# #....@.#.#..####.##.##
#.#.....# #.........#..# #......
#.###...## #.........#..#
##..... #.###....# #...........#
#..... #..##.#..# #..........##
#..... ##.#..#..#
##.......#..#####..... #.#.#####
##......##.........## ##...#####
####.<.####.........# .........#
#....### #.........#


You could see a black bear (berserk).

Vanquished Creatures
  An orc wizard (D:1)
  4 gnolls (D:3)
  4 adders
  6 dart slugs
  4 orcs
  3 ball pythons
  4 bats
  5 endoplasms
  2 giant cockroaches
  4 goblins
  7 hobgoblins
  5 kobolds
  A quokka (D:2)
  5 frilled lizards
  3 rats
58 creatures vanquished.

Notes
Turn   | Place    | Note
-------+----------+-------------------------------------------
     0 | D:1      | BeingJoeMalik the Demonspawn Necromancer began the quest
                  | for the Orb.
     0 | D:1      | Reached XP level 1. HP: 13/13 MP: 3/3
   440 | D:1      | Gained mutation: You regenerate a little health from kills.
                  | [demonic ancestry]
   440 | D:1      | Reached XP level 2. HP: 6/19 MP: 0/5
   648 | D:1      | Reached skill level 5 in Necromancy
  1153 | D:1      | Found a faded altar of an unknown god.
  1413 | D:1      | Reached XP level 3. HP: 20/24 MP: 1/6
  1695 | D:2      | Reached skill level 1 in Short Blades
  1695 | D:2      | Gained mutation: You regenerate health from kills. [demonic
                  | ancestry]
  1695 | D:2      | Reached XP level 4. HP: 30/30 MP: 3/7
  1758 | D:2      | Reached skill level 6 in Necromancy
  2817 | D:3      | Noticed a black bear
  2870 | D:3      | Found a broken altar of Ashenzari.
  3475 | D:3      | Reached XP level 5. HP: 25/35 MP: 2/8
  3584 | D:3      | Learned a level 3 spell: Vampiric Draining
  3589 | D:3      | Learned a level 4 spell: Animate Dead
  3641 | D:3      | Slain by a black bear

Illustrated notes

Levels and vault maps discovered:
D:1:      nzn_arrival_depleted_hourglass, layout_loops_ring,
          shapermc_ecumenical_altar_ellora
D:2:      layout_basic, minmay_tiny_reverse_x
D:3:      layout_rooms, lemuel_crystal_altar

Skill      XL: |  1  2  3  4 |
---------------+-------------+-----
Necromancy     | 5 6 |  6.8
Short Blades   | 1 |  1.6
Dodging        | |  1.7
Stealth        | |  1.7
Spellcasting   | |  2.0

Action                   |  1- 3 |  4- 6 || total
-------------------------+-------+-------++-------
Melee: Unarmed           |     5 |       ||     5
       Dagger            |     1 |    13 ||    14
 Cast: Necrotise         |    51 |    67 ||   118
       Vampiric Draining |       |     1 ||     1
  Use: Potion            |       |     1 ||     1
Armor: Robe              |     2 |    13 ||    15
Dodge: Dodged            |    12 |    29 ||    41

Table legend: (Time is in decaauts)
 A = Elapsed time spent in this place.
 B = Non-inter-level travel time spent in this place.
 C = Inter-level travel time spent in this place.
 D = Time resting spent in this place.
 E = Time spent auto-exploring this place.
 F = Levels seen in this place.
 G = Mean time per level.
                   A        B        C        D        E       F      G
               +--------+--------+--------+--------+--------+-----+--------+
         Total |   3642 |   3512 |    130 |    930 |   2147 |   3 | 1214.0 |
       Dungeon |   3642 |   3512 |    130 |    930 |   2147 |   3 | 1214.0 |
               +--------+--------+--------+--------+--------+-----+--------+

Top non-repeatable levels by time:
     D:1: 1513 daAuts
     D:2: 1264 daAuts
     D:3: 863 daAuts
